 Dungeon Sprint DCSS version 0.28-a0-479-g5baa6b73be (webtiles) character file.

Game seed: 1785118996083418408

22 MikeHunt the Chiller (level 2, -3/19 HPs)
             Began as a Demonspawn Ice Elementalist on Sept 18, 2021.
             Slain by a phantom (8 damage)
             ... in the Dungeon (Sprint III: "The Ten Rune Challenge").
             The game lasted 00:00:39 (419 turns).

MikeHunt the Chiller (Demonspawn Ice Elementalist)   Turns: 419, Time: 00:00:40

Health: -3/19      AC:  2    Str:  8    XL:     2   Next: 68%
Magic:  5/6        EV: 12    Int: 16    God:
Gold:   10         SH:  0    Dex: 13    Spells: 7/8 levels left

rFire   . . .      SeeInvis .     - Unarmed
rCold   . . .      Faith    .   (no shield)
rNeg    . . .      Spirit   .   a - +0 robe
rPois   .          Reflect  .   (no helmet)
rElec   .          Harm     .   (no cloak)
rCorr   .          Rampage  .   (no gloves)
Will    .....      NoTele   +   (no boots)
Stlth   ++........              (no amulet)
HPRegen 0.06/turn               (no ring)
MPRegen 0.10/turn               (no ring)

@: no status effects
A: spiny 1
a: no special abilities


You were in the Dungeon.
You visited 1 branch You collected 10 gold pieces.

Inventory:

Armour
 a - a +0 robe (worn)
Scrolls
 g - a scroll of blinking
Potions
 b - a potion of curing
 c - a potion of heal wounds
 d - a potion of haste
 e - 2 potions of magic


   Skills:
 - Level 1.7 Dodging
 - Level 1.7 Stealth
 + Level 2.0 Unarmed Combat
 + Level 3.6 Spellcasting
 + Level 4.8 Ice Magic


You had 7 spell levels left.
You knew the following spells:

 Your Spells              Type           Power      Damage    Failure   Level
e - Freeze                Ice            72%        1d9       2%          1

Your spell library contained the following spells:

 Spells                   Type           Power      Damage    Failure   Level
 Frozen Ramparts          Ice            36%        1d5       8%          3
 Ozocubu's Armour         Ice            18%        N/A       8%          3
 Hailstorm                Conj/Ice       10%        3d5       54%         4


Dungeon Overview and Level Annotations

Branches:
Dungeon (1/1)

Altars:


Innate Abilities, Weirdness & Mutations

You are partially covered in sharp spines.


Message History

Your Spellcasting skill increases to level 3!
You have reached level 2!
Your demonic ancestry asserts itself...
Sharp spines emerge from parts of your body.
You start resting.
You feel a strong urge to attack something.
You are no longer berserk.
You are exhausted.
You feel yourself slow down.
You feel yourself speed up.
You recover from your berserk rage.
Magic restored.
You see here a human corpse.
The phantom hits you but does no damage.
You hit the phantom but do no damage. The phantom closely misses you.
You closely miss the phantom. The phantom misses you.
You closely miss the phantom. The phantom hits you.
You closely miss the phantom. The phantom barely misses you.
You closely miss the phantom. The phantom hits you.
You hit the phantom.
The phantom is moderately damaged.
You closely miss the phantom.
The phantom is moderately damaged.
The phantom completely misses you.
You closely miss the phantom.
The phantom is moderately damaged.
The phantom hits you.
You are too injured to fight recklessly!
You are too injured to fight recklessly!
You hit the phantom.
The phantom is heavily damaged.
The phantom hits you.
* * * LOW HITPOINT WARNING * * *
Aiming: Freeze (safe; 2% risk of failure)
Press: ? - help, Q - select action Shift-Dir - straight line, f - phantom
Aim: a phantom (heavily damaged)
You freeze the phantom.
The phantom resists.
The phantom is severely damaged.
The phantom hits you!
You die...

▓▓▓▓ ▓▓▓▓▓ ▓<.#
+...♣♣ ▓..#
#....♣
▓#'####....♣♣♣
▓.....#W...≈.♣
▓.....#@..≈≈.♣..
▓....(#..≈≈≈≈♣..
▓####'#..≈≈≈≈≈≈♣
▓...†.#.≈≈≈≈≈≈..
▓.....#.≈≈≈≈≈...
▓.....#.≈≈≈.....
▓'#####.........
▓.....†.........
▓▓▓▓▓▓▓▓▓▓▓▓▓▓▓▓


You could see a phantom.

Vanquished Creatures
  A human (D)
  2 endoplasms (D)
  2 rats (D)
5 creatures vanquished.

Notes
Turn   | Place    | Note
-------+----------+-------------------------------------------
     0 | D        | MikeHunt the Demonspawn Ice Elementalist began the quest
                  | for the Orb.
     0 | D        | Reached XP level 1. HP: 13/13 MP: 3/3
    16 | D        | Reached skill level 4 in Ice Magic
   365 | D        | Gained mutation: You are partially covered in sharp spines.
                  | [demonic ancestry]
   365 | D        | Reached XP level 2. HP: 19/19 MP: 1/6
   419 | D        | Slain by a phantom

Illustrated notes

Levels and vault maps discovered:
D:        dungeon_sprint_mu [sprint_mu_entry_forest, sprint_mu_temple_rooms,
          sprint_mu_d1_spiders, sprint_mu_d2_genie, sprint_mu_d3_branching,
          sprint_mu_orc_legion, sprint_mu_elf_gauntlet, sprint_mu_hive_nellie,
          sprint_mu_lair_fedhas, sprint_mu_vaults_butterflies,
          sprint_mu_slime_circle, sprint_mu_shoals_kraken,
          sprint_mu_snake_twists, sprint_mu_blade_basic,
          sprint_mu_crypt_chambers, sprint_mu_tomb_spiral,
          sprint_mu_vestibule_basic, sprint_mu_gehenna_hellfire,
          sprint_mu_dis_giant, sprint_mu_tartarus_statrot,
          sprint_mu_cocytus_islands, sprint_mu_zot1]

Skill      XL: |  1 |
---------------+----+-----
Ice Magic      | 4 |  4.8
Unarmed Combat | 2 |  2.0
Spellcasting   | 3 |  3.6
Dodging        | |  1.7
Stealth        | |  1.7

Action                   || total
-------------------------++-------
Melee: Unarmed           ||    31
 Cast: Freeze            ||     8
  Use: Potion            ||     1
Armor: Robe              ||     2
Dodge: Dodged            ||    18

Table legend: (Time is in decaauts)
 A = Elapsed time spent in this place.
 B = Non-inter-level travel time spent in this place.
 C = Inter-level travel time spent in this place.
 D = Time resting spent in this place.
 E = Time spent auto-exploring this place.
 F = Levels seen in this place.
 G = Mean time per level.
                   A        B        C        D        E       F      G
               +--------+--------+--------+--------+--------+-----+--------+
         Total |    425 |    425 |      0 |    339 |      0 |   1 |  425.0 |
       Dungeon |    425 |    425 |      0 |    339 |      0 |   1 |  425.0 |
               +--------+--------+--------+--------+--------+-----+--------+

Top non-repeatable levels by time:
       D: 425 daAuts
